 Dungeon Crawl Stone Soup version 0.23.2-1-ga50397a6bc (webtiles) character file.

Game seed: 9578293389069229889

111 Marnok the Poker (level 4, 0/34 HPs)
             Began as a Merfolk Skald on Apr 18, 2019.
             Slain by a gnoll
             ... wielding a +0 flail
              (8 damage)
             ... on level 2 of the Dungeon.
             The game lasted 00:06:00 (1892 turns).

Marnok the Poker (Merfolk Skald)                    Turns: 1892, Time: 00:06:00

Health: 0/34       AC:  4    Str: 12    XL:     4   Next: 92%
Magic:  2/7        EV: 13    Int: 17    God:
Gold:   144        SH:  3    Dex: 13    Spells: 3/7 levels left

rFire    . . .     SeeInvis .   a - +0 spear
rCold    . . .     Gourm    .   (no shield)
rNeg     . . .     Faith    .   b - +0 leather armour
rPois    .         Spirit   .   (no helmet)
rElec    .         Reflect  +   (no cloak)
rCorr    .         Harm     .   (no gloves)
MR       +....                  f - +0 pair of boots
Stlth    +.........             k - +3 amulet of reflection
HPRegen  0.11/turn              m - ring of protection from magic
MPRegen  0.10/turn              (no ring)

@: brilliant
A: change form in water, swift swim, stealthy swim
a: no special abilities


You were on level 2 of the Dungeon.
You were hungry.

You visited 1 branch of the dungeon, and saw 2 of its levels.

You collected 144 gold pieces.

Inventory:

Hand Weapons
 a - a +0 spear (weapon)
 c - a +3 falchion
Armour
 b - a +0 leather armour (worn)
 f - a +0 pair of boots (worn)
Jewellery
 k - a +3 amulet of reflection (around neck)
 m - a ring of protection from magic (left hand)
Scrolls
 e - 3 scrolls of identify {unknown}
 h - a scroll of enchant armour {unknown}
 i - 2 scrolls of teleportation {unknown}
 j - 2 scrolls of amnesia {unknown}
 n - a scroll of fear {unknown}
 o - a scroll of immolation {unknown}
 p - a scroll of magic mapping {unknown}
Comestibles
 d - 4 rations
 l - a chunk of flesh


   Skills:
 + Level 2.4 Fighting
 + Level 4.7 Polearms
 + Level 1.4 Armour
 + Level 3.4 Dodging
 + Level 2.2 Spellcasting
 + Level 4.0 Charms


You had 3 spell levels left.
You knew the following spells:

 Your Spells              Type           Power        Failure   Level  Hunger
a - Infusion              Chrm           ####         1%          1    #......
b - Regeneration          Chrm/Necr      ###.......   4%          3    ###....

Your spell library contained the following spells:

 Spells                   Type           Power        Failure   Level  Hunger
 Shroud of Golubria       Chrm/Tloc      ###.......   1%          2    ###....
 Song of Slaying          Chrm           ####....     1%          2    ###....
 Spectral Weapon          Hex/Chrm       ###.....     4%          3    ###....


Dungeon Overview and Level Annotations

Branches:
Dungeon (2/15)

Altars:


Message History

The gnoll is severely wounded.
The gnoll barely misses you.
You hit the gnoll.
The gnoll is severely wounded.
You hit the gnoll but do no damage.
The gnoll is severely wounded.
You are no longer magically infusing your attacks.
The gnoll hits you with a +0 flail!
* * * LOW HITPOINT WARNING * * *
It was a potion of brilliance.
You feel clever all of a sudden. The gnoll misses you.
You hit the gnoll but do no damage.
The gnoll is severely wounded.
Casting: Infusion (safe; 1% risk of failure)
Confirm with . or Enter, or press ? or * to list all spells.
You don't have enough magic to cast that spell.
You see here a hobgoblin corpse.
The gnoll hits you with a +0 flail!
You die...

###....#.##..###
#)#
##(#..#.####...#
#.# #.#....##
#..### #.#
.#..#.## ###..#
#.# ...#.##
#...#########.#
..#.##
###..##.......#
...##
#..###.#.#####
..## ###..#...#
.## +.@.#.###
### ##g##.# #>#
#..†.# #.#
###### #.# #.#
..# ### ##


You could see a gnoll.

Vanquished Creatures
  A howler monkey zombie (D:2)
  An adder (D:2)
  3 gnolls (D:2)
  2 oozes (D:1)
  A dart slug (D:2)
  A leopard gecko (D:2)
  2 giant cockroaches (D:1)
  7 goblins
  9 hobgoblins
  3 ball pythons
  6 bats
  3 frilled lizards
  6 kobolds
  7 rats
52 creatures vanquished.

Notes
Turn   | Place    | Note
-------+----------+-------------------------------------------
     0 | D:1      | Marnok the Merfolk Skald began the quest for the Orb.
     0 | D:1      | Reached XP level 1. HP: 16/16 MP: 3/3
    86 | D:1      | Reached XP level 2. HP: 11/22 MP: 5/5
   727 | D:1      | Reached XP level 3. HP: 23/27 MP: 6/6
  1065 | D:1      | Reached skill level 1 in Armour
  1324 | D:2      | Learned a level 3 spell: Regeneration
  1464 | D:2      | Reached XP level 4. HP: 20/34 MP: 7/7
  1892 | D:2      | Slain by a gnoll

Skill      XL: |  1  2  3  4 |
---------------+-------------+-----
Dodging        | 3 |  3.4
Armour         | 1 |  1.4
Polearms       | 4 |  4.7
Charms         | 4 |  4.0
Fighting       | |  2.4
Spellcasting   | |  2.2

Action                   |  1- 3 |  4- 6 || total
-------------------------+-------+-------++-------
Melee: Spear             |   162 |    57 ||   219
 Cast: Infusion          |     3 |     4 ||     7
       Regeneration      |     1 |       ||     1
  Use: Potion            |     2 |     2 ||     4
 Stab: Sleeping          |       |     1 ||     1
  Eat: Chunk             |     2 |     1 ||     3
Armor: Leather armour    |    29 |     8 ||    37
Dodge: Dodged            |    93 |    30 ||   123
Block: Other             |    22 |    11 ||    33
